 Dungeon Crawl Stone Soup version 0.27-a0-1228-gfd60fd639a (webtiles) character file.

Game seed: 16396920247138851871

396 dracfodder the Magician (level 7, -5/46 HPs)
             Began as a Djinni Ice Elementalist on June 7, 2021.
             Slain by a phantom (6 damage)
             ... on level 4 of the Dungeon.
             The game lasted 00:27:57 (4862 turns).

dracfodder the Magician (Djinni Ice Elementalist)   Turns: 4862, Time: 00:27:57

Health: -5/46      AC:  5    Str:  8    XL:     7   Next: 9%
Gold:   152        EV: 12    Int: 17    God:
                   SH:  0    Dex: 14

rFire    + + .     SeeInvis .   a - +4 short sword (venom)
rCold    x . .     Faith    .   (no shield)
rNeg     + . .     Spirit   .   c - +0 robe
rPois    ∞         Reflect  .   (no helmet)
rElec    .         Harm     .   (no cloak)
rCorr    .         Rampage  .   l - +0 pair of gloves
Will     .....                  (boots unavailable)
Stlth    ++........             (no amulet)
HPRegen  0.15/turn              e - ring of positive energy
MPRegen  0.00/turn              k - ring of wizardry

@: flying
A: sickness immunity, fire resistance 2, cold vulnerability 1, float, innate
caster, hp casting, extra vitality 1, iridescent scales 1
a: no special abilities


You were on level 4 of the Dungeon.
You visited 1 branch of the dungeon, and saw 5 of its levels.

You collected 152 gold pieces.

Inventory:

Hand Weapons
 a - a +4 short sword of venom (weapon)
 b - a +2 dagger of holy wrath
 d - a +0 trident
Missiles
 f - 31 bolts
 h - 5 boomerangs
 i - 13 poisoned darts
Armour
 c - a +0 robe (worn)
 g - a +0 helmet
 l - a +0 pair of gloves (worn)
Jewellery
 e - a ring of positive energy (left hand)
 k - a ring of wizardry (right hand)
Scrolls
 j - a scroll of identify


   Skills:
 + Level 0.8 Fighting
 + Level 0.1 Short Blades
 + Level 0.5 Throwing
 + Level 2.4 Dodging
 + Level 2.0 Stealth
 * Level 5.8 Spellcasting


You couldn't memorise any spells.
You knew the following spells:

 Your Spells              Type           Power      Damage    Failure   Level
a - Freeze                Ice            100%       1d11      1%          1
b - Frozen Ramparts       Ice            50%        1d7       1%          3
c - Ozocubu's Armour      Ice            25%        N/A       1%          3
d - Hailstorm             Conj/Ice       25%        3d7       4%          4
e - Metabolic Englaciati  Hex/Ice        12%        N/A       13%         5
f - Sting                 Tmut/Pois      100%       1d8       1%          1
g - Call Imp              Summ           25%        N/A       1%          2
h - Blink                 Tloc           N/A        N/A       1%          2
Your spell library was empty.

Dungeon Overview and Level Annotations

Branches:
Dungeon (5/15)
 Temple: D:4-7

Altars:
Ashenzari
Uskayaw
Zin


Innate Abilities, Weirdness & Mutations

You are immune to sickness and miasma.
You are immune to poison.
Your flesh is very heat resistant. (rF++)
You are vulnerable to cold. (rC-)
You float through the air rather than walking.
You learn spells naturally, not from books.
Your magical power is your life essence.
You have superior vitality. (+4 HP)
You are partially covered in iridescent scales. (AC +2)


Message History

Press: ? - help, Shift-Dir - straight line, f - ball python
Aim: a ball python You freeze the ball python!
You kill the ball python!
* * * LOW HITPOINT WARNING * * *
The phantom hits you.
* * * LOW HITPOINT WARNING * * *
Unknown command.
Casting: Freeze (safe; 1% risk of failure)
Confirm with . or Enter, or press ? or * to list all spells.
Aiming: Freeze (safe; 1% risk of failure)
Press: ? - help, Shift-Dir - straight line, f - phantom
Aim: a phantom (moderately damaged)
You freeze the phantom.
The phantom resists.
The phantom is moderately damaged.
* * * LOW HITPOINT WARNING * * *
The phantom misses you.
Casting: Freeze (safe; 1% risk of failure)
Confirm with . or Enter, or press ? or * to list all spells.
Aiming: Freeze (safe; 1% risk of failure)
Press: ? - help, Shift-Dir - straight line, f/p - phantom
Aim: a phantom (moderately damaged)
You freeze the phantom.
The phantom resists.
The phantom is heavily damaged.
* * * LOW HITPOINT WARNING * * *
The phantom hits you but does no damage.
Casting: Freeze (safe; 1% risk of failure)
Confirm with . or Enter, or press ? or * to list all spells.
You don't have enough health to cast this spell.
Unknown command.
Casting: Freeze (safe; 1% risk of failure)
Confirm with . or Enter, or press ? or * to list all spells.
You don't have enough health to cast this spell.
Your +2 dagger of holy wrath stops glowing.
Your +4 short sword of venom begins to drip with poison!
a - a +4 short sword of venom (weapon)
You closely miss the phantom.
The phantom is heavily damaged.
The phantom hits you.
You die...

#........#
#....#####
###....####
#.........#
#....!.?..# #
#.........#..
#............
#...†........
#...W@.......
########.####


You could see a phantom.

Vanquished Creatures
  Grinder (D:4)
  A centaur skeleton (D:3)
  Robin (D:3)
  4 gnolls (D:2)
  3 adders (D:2)
  A worm (D:3)
  5 dart slugs
  6 endoplasms
  2 giant cockroaches
  14 goblins
  7 hobgoblins
  2 jackals (D:3)
  7 kobolds
  4 quokkas
  4 ball pythons
  3 bats
  2 rats
67 creatures vanquished.

Vanquished Creatures (collateral kills)
  A dart slug (D:2)
  An endoplasm (D:2)
  A goblin (D:3)
  A bat (D:3)
  A frilled lizard (D:3)
  A kobold (D:2)
  2 rats (D:2)
8 creatures vanquished.

Grand Total: 75 creatures vanquished

Notes
Turn   | Place    | Note
-------+----------+-------------------------------------------
     0 | D:1      | dracfodder the Djinni Ice Elementalist began the quest for
                  | the Orb.
     0 | D:1      | Reached XP level 1. HP: 15/15 MP: 0/0
   372 | D:1      | Reached XP level 2. HP: 12/21 MP: 0/0
   921 | D:1      | Found a faded altar of an unknown god.
  1020 | D:1      | Reached XP level 3. HP: 23/25 MP: 0/0
  1020 | D:1      | Learned a level 1 spell: Sting
  1480 | D:1      | Reached skill level 4 in Spellcasting
  1826 | D:3      | Found a hide-covered altar of Uskayaw.
  2023 | D:2      | Reached XP level 4. HP: 24/31 MP: 0/0
  2415 | D:2      | Reached XP level 5. HP: 33/35 MP: 0/0
  2415 | D:2      | Learned a level 2 spell: Call Imp
  2792 | D:2      | Found a glowing silver altar of Zin.
  3138 | D:3      | Noticed Robin
  3151 | D:3      | Killed Robin
  3454 | D:3      | Reached skill level 5 in Spellcasting
  4050 | D:3      | Found a broken altar of Ashenzari.
  4274 | D:3      | Upgraded the game from 0.27-a0-1219-g958d993ae5 to
                  | 0.27-a0-1228-gfd60fd639a
  4309 | D:4      | Noticed Grinder
  4312 | D:4      | Reached XP level 6. HP: 38/41 MP: 0/0
  4318 | D:4      | Paralysed by Grinder for 4 turns
  4325 | D:4      | Paralysed by Grinder for 4 turns
  4329 | D:4      | Gained mutation: You are partially covered in iridescent
                  | scales. (AC +2) [potion of mutation]
  4334 | D:4      | Killed Grinder
  4335 | D:4      | Reached XP level 7. HP: 10/46 MP: 0/0
  4335 | D:4      | Learned a level 2 spell: Blink
  4788 | D:5      | Entered Level 5 of the Dungeon
  4858 | D:4      | HP: 2/46 [phantom (1)]
  4862 | D:4      | Slain by a phantom

Illustrated notes

Levels and vault maps discovered:
D:1:      shiori_arrival_oz, layout_loops_ring,
          hellmonk_ecumenical_altar_arch_garden, minmay_misc_feat_rugged,
          st_stairs_8
D:2:      layout_loops_ring, basic_altar, minmay_misc_feat_tiny,
          minmay_misc_feat_pillars
D:3:      layout_rooms, eat_drink_and_be_merry_uskayaw, old_standard_altar,
          minivault_11, st_stairs_1, hangedman_decor_peaks_small, uniq_robin
D:4:      layout_basic, nzn_hepliaklqana_mist_gate, uniq_duvessa, uniq_grinder
D:5:      layout_loops_ring, minmay_misc_feat_room,
          minmay_misc_feat_more_columns, minmay_fractal_squares_5

Skill      XL: |  1  2  3  4  5  6 |
---------------+-------------------+-----
Spellcasting   | 4 5 |  5.8
Stealth        | 2 |  2.0
Fighting       | |  0.8
Short Blades   | |  0.1
Throwing       | |  0.5
Dodging        | |  2.4

Action                   |  1- 3 |  4- 6 |  7- 9 || total
-------------------------+-------+-------+-------++-------
Melee: Dagger            |     6 |    32 |    23 ||    61
       Short sword       |       |     4 |     4 ||     8
Throw: Boomerang         |     6 |     4 |       ||    10
       Dart              |       |     3 |       ||     3
 Cast: Freeze            |    41 |     7 |     3 ||    51
       Sting             |     6 |    17 |     1 ||    24
       Frozen Ramparts   |     2 |     8 |       ||    10
       Ozocubu's Armour  |       |     6 |     1 ||     7
       Call Imp          |       |     4 |       ||     4
  Use: Scroll            |     2 |     5 |       ||     7
       Potion            |       |     1 |       ||     1
Armor: Robe              |     5 |    21 |    11 ||    37
Dodge: Dodged            |    14 |    29 |    18 ||    61

Table legend: (Time is in decaauts)
 A = Elapsed time spent in this place.
 B = Non-inter-level travel time spent in this place.
 C = Inter-level travel time spent in this place.
 D = Time resting spent in this place.
 E = Time spent auto-exploring this place.
 F = Levels seen in this place.
 G = Mean time per level.
                   A        B        C        D        E       F      G
               +--------+--------+--------+--------+--------+-----+--------+
         Total |   4867 |   4606 |    261 |   1923 |   2019 |   5 |  973.4 |
       Dungeon |   4867 |   4606 |    261 |   1923 |   2019 |   5 |  973.4 |
               +--------+--------+--------+--------+--------+-----+--------+

Top non-repeatable levels by time:
     D:1: 1908 daAuts
     D:3: 1297 daAuts
     D:2: 1263 daAuts
     D:4: 396 daAuts
     D:5: 1 daAuts
